 Dungeon Sprint DCSS version 0.26-a0-720-g2a1d101370 (webtiles) character file.

Game seed: 12114293005855141409

28180 mhtbhm the Executioner (level 13, -49/141 HPs)
             Began as a Minotaur Berserker on Nov 3, 2020.
             Was the Champion of Trog.
             Killed from afar by an orb of fire (57 damage)
             ... with a fireball
             ... in the Dungeon (Sprint VII: "The Pits").
             The game lasted 00:10:12 (4797 turns).

mhtbhm the Executioner (Minotaur Berserker)         Turns: 4797, Time: 00:10:12

Health: -49/141    AC: 22    Str: 26    XL:     13   Next: 8%
Magic:  1/9        EV: 14    Int:  7    God:    Trog [******]
Gold:   43         SH:  0    Dex:  9    Spells: 12/12 levels left

rFire    . . .     SeeInvis .   a - +4 battleaxe (flame)
rCold    + . .     Faith    .   (shield currently unavailable)
rNeg     . . .     Spirit   .   b - +3 plate armour {rC+}
rPois    +         Reflect  .   r - +1 hat {Int+3}
rElec    .         Harm     .   p - +0 cloak
rCorr    .         Rampage  .   (no gloves)
MR       .....     NoTele   +   (no boots)
Stlth    ..........             (no amulet)
HPRegen  0.33/turn              l - +3 ring of evasion
MPRegen  0.11/turn              u - ring of poison resistance

@: berserk cooldown, slowed, heavily drained, very slow
A: retaliatory headbutt, horns 2, clumsy 1, low mp 2
a: Berserk, Trog's Hand, Brothers in Arms, Renounce Religion


You were in the Dungeon.
You worshipped Trog.
Trog was exalted by your worship.
You visited 1 branch You collected 43 gold pieces.

Inventory:

Hand Weapons
 a - a +4 battleaxe of flaming (weapon)
Missiles
 q - 5 curare-tipped darts (quivered)
 C - 17 silver javelins
Armour
 b - a +3 plate armour of cold resistance (worn)
 p - a +0 cloak (worn)
 r - a +1 hat of intelligence (worn)
Jewellery
 l - a +3 ring of evasion (left hand)
 u - a ring of poison resistance (right hand)
Scrolls
 h - 2 scrolls of blinking
 j - 5 scrolls of remove curse
 k - a scroll of summoning
 t - a scroll of silence
 w - 4 scrolls of enchant weapon
 x - a scroll of fog
 y - a scroll of identify
 z - 2 scrolls of enchant armour
Potions
 c - 9 potions of curing
 d - 11 potions of heal wounds
 e - 4 potions of haste
 f - 4 potions of magic
 g - 3 potions of berserk rage
 i - 2 potions of invisibility
 n - 3 potions of stabbing
 o - 3 potions of mutation
 s - 2 potions of might
Miscellaneous
 v - a lightning rod (4/4)


   Skills:
 + Level 20.7(17.5) Fighting
 + Level 24.4(21.0) Axes
 + Level 18.3(15.3) Armour
 + Level 9.6(7.1) Dodging
 + Level 4.0(1.9) Stealth


You had 12 spell levels left.
You didn't know any spells.
Your spell library was empty.

Dungeon Overview and Level Annotations

Branches:
Dungeon (1/1)

Altars:
Cheibriados
Dithmenos
Elyvilon
Fedhas
Gozag
Hepliaklqana
Makhleb
Nemelex Xobeh
Okawaru
Qazlal
Ru
Sif Muna
Trog
Vehumet
Wu Jian
Xom
Yredelemnul
Zin
The Shining One
Beogh
Jiyva
Lugonu


Innate Abilities, Weirdness & Mutations

You reflexively headbutt those who attack you in melee.
You have a pair of horns on your head.
You are clumsy. (Dex -2)
Your magical capacity is very low. (-20% MP)


Message History

The bolt of negative energy hits the orb of fire.
The orb of fire completely resists.
The bolt of negative energy hits you!!
You feel drained.
* * * LOW HITPOINT WARNING * * *
Unknown command.
Press: ? - help, Dir - move target cursor
As you read the scroll of blinking, it crumbles to dust.
The orb of fire glows yellow.
Strange energies course through your body.
You feel clumsy.
The orb of fire glows deep purple.
Strange energies course through your body.
You feel robust.
Unknown command.
Which direction?
You close the door.
You open the door.
The orb of fire glows yellow.
The fireball explodes!
The fireball engulfs you!!!
You die...

,,,,,,,,,,,,,,*#ยง#
,,,,,,,,,,,,,,*#t#
,,,,***,,,,,,,*#.#
,,,,*,,,,*,,,,*#'#
,,,,*,,,,*,,,,*#*#
,,,,,,,***,,,,*#'#
,,,,,,,,,,,****#.#
,,,,,,,,,,,+,,*#'#
,,,,,,***+**,,*#@#
,,,,,,*,,,,*,,*#'#
,,,,,,*,,,,*,,*#.#
***************#)#
################)#
............)....#
...........=.....#
+##############..#
,,,*,,,,*,,*,,#..#


You could see an orb of fire and an alligator snapping turtle.

Vanquished Creatures
  An Ice Fiend (D)
  2 deep elf master archers (D)
  Gastronok (D)
  A death cob (D)
  A shadow dragon (D)
  A fire giant (D)
  A minotaur (D)
  Erolcha (D)
  A two-headed ogre (D)
  A death yak (D)
  Sonja (D)
  A wizard (D)
  3 sea snakes (D)
  2 lindwurms (D)
  A phantasmal warrior (D)
  A necromancer (D)
  A deep elf mage (D)
  2 black mambas (D)
  2 freezing wraiths (D)
  An ice devil (D)
  A red devil (D)
  A merfolk (D)
  A troll (D)
  A hornet (D)
  Grinder (D)
  10 dream sheep (D)
  A wraith (D)
  A tarantella (D)
  A steam dragon (D)
  A basilisk (D)
  A large abomination (D)
  A neqoxec (D)
  Menkaure (D)
  A warg (D)
  A swamp drake (D)
  A sky beast (D)
  A black bear (D)
  A centaur (D)
  A bullfrog (D)
  A scorpion (D)
  A killer bee (D)
  2 hounds (D)
  An iron imp (D)
  A small abomination (D)
  A hell rat (D)
  3 worker ants (D)
  2 gnolls (D)
  A white imp (D)
  An ufetubus (D)
  An ooze (D)
  A ball python (D)
  A goblin (D)
  3 jackals (D)
  A quokka (D)
  A ball python skeleton (D)
  2 kobolds (D)
  A quokka skeleton (D)
  A quokka zombie (D)
80 creatures vanquished.

Vanquished Creatures (collateral kills)
  A catoblepas (D)
  A boulder beetle (D)
  A death yak (D)
  4 hell knights (D)
  A molten gargoyle (D)
  A rime drake (D)
  A wind drake (D)
  A soldier ant (D)
  A big kobold (D)
  A gnoll sergeant (D)
  3 killer bees (D)
  An iron imp (D)
  A mummy (D)
  3 gnolls (D)
21 creatures vanquished.

Vanquished Creatures (others)
  A deep elf master archer (D)
  2 storm dragons (D)
  A draconian scorcher (D)
  A death ooze (D)
  An ettin (D)
  A golden eye (D)
7 creatures vanquished.

Grand Total: 108 creatures vanquished

Notes
Turn   | Place    | Note
-------+----------+-------------------------------------------
     0 | D        | mhtbhm the Minotaur Berserker began the quest for the Orb.
     0 | D        | Reached XP level 1. HP: 19/19 MP: 0/0
    25 | D        | Found a bloodstained altar of Trog.
    25 | D        | Found a shimmering blue altar of Sif Muna.
    25 | D        | Found a viscous altar of Jiyva.
    25 | D        | Found a hazy altar of Hepliaklqana.
    25 | D        | Found an opulent altar of Gozag.
    26 | D        | Found a glowing golden altar of the Shining One.
    26 | D        | Found a glowing silver altar of Zin.
    26 | D        | Found a basalt altar of Yredelemnul.
    26 | D        | Found a shimmering altar of Xom.
    26 | D        | Found an ornate altar of the Wu Jian Council.
    26 | D        | Found a sacrificial altar of Ru.
    26 | D        | Found a stormy altar of Qazlal.
    26 | D        | Found an iron altar of Okawaru.
    26 | D        | Found a sparkling altar of Nemelex Xobeh.
    26 | D        | Found a burning altar of Makhleb.
    26 | D        | Found a blossoming altar of Fedhas.
    26 | D        | Found a white marble altar of Elyvilon.
    26 | D        | Found a shadowy altar of Dithmenos.
    26 | D        | Found a snail-covered altar of Cheibriados.
    28 | D        | Found a radiant altar of Vehumet.
    28 | D        | Found a corrupted altar of Lugonu.
    28 | D        | Found a roughly hewn altar of Beogh.
    68 | D        | Reached skill level 4 in Axes
    72 | D        | Reached ** piety under Trog
   208 | D        | Noticed a worker ant
   215 | D        | Killed a worker ant
   215 | D        | Reached skill level 5 in Fighting
   215 | D        | Reached skill level 5 in Axes
   215 | D        | Reached XP level 2. HP: 20/30 MP: 1/1
   463 | D        | Reached XP level 3. HP: 32/37 MP: 2/2
   464 | D        | Reached *** piety under Trog
   464 | D        | Reached skill level 6 in Axes
   469 | D        | Reached **** piety under Trog
   469 | D        | Reached skill level 7 in Axes
   792 | D        | Noticed a warg
   796 | D        | Reached XP level 4. HP: 47/47 MP: 3/3
   799 | D        | Reached ***** piety under Trog
   800 | D        | Killed a warg
   800 | D        | Reached skill level 9 in Axes
   800 | D        | Reached skill level 5 in Armour
   800 | D        | Reached skill level 5 in Dodging
   800 | D        | Reached skill level 1 in Stealth
   800 | D        | Reached XP level 5. HP: 56/56 MP: 4/4
   854 | D        | Noticed Menkaure
   859 | D        | Killed Menkaure
   859 | D        | Reached skill level 10 in Axes
   859 | D        | Reached XP level 6. HP: 55/66 MP: 5/5
   913 | D        | Noticed a sea snake
   919 | D        | Killed a sea snake
   919 | D        | Reached skill level 13 in Axes
   919 | D        | Reached XP level 7. HP: 74/74 MP: 6/6
  1187 | D        | Killed a golden eye
  1200 | D        | Received a gift from Trog
  1212 | D        | Noticed a deep elf mage
  1212 | D        | Noticed a troll
  1220 | D        | Killed a troll
  1220 | D        | Reached XP level 8. HP: 83/83 MP: 7/7
  1223 | D        | Killed a deep elf mage
  1223 | D        | Reached skill level 14 in Axes
  1400 | D        | Noticed a hornet
  1400 | D        | Noticed a red devil
  1405 | D        | Killed a hornet
  1405 | D        | Reached skill level 15 in Axes
  1409 | D        | Killed a red devil
  1409 | D        | Reached XP level 9. HP: 90/93 MP: 8/8
  1610 | D        | Noticed a merfolk
  1614 | D        | Reached ****** piety under Trog
  1621 | D        | Reached skill level 10 in Armour
  1625 | D        | Killed a merfolk
  1684 | D        | Received a gift from Trog
  1684 | D        | Reached skill level 16 in Axes
  1889 | D        | Noticed an ice devil
  1894 | D        | Killed an ice devil
  2005 | D        | Noticed a phantasmal warrior
  2005 | D        | Noticed a wizard
  2005 | D        | Noticed a death cob
  2009 | D        | Killed a phantasmal warrior
  2009 | D        | Reached skill level 17 in Axes
  2009 | D        | Reached XP level 10. HP: 104/104 MP: 9/9
  2012 | D        | Paralysed by a wizard for 3 turns
  2017 | D        | Killed a wizard
  2019 | D        | HP: 2/156 [death cob (17)]
  2020 | D        | Killed a death cob
  2020 | D        | Received a gift from Trog
  2020 | D        | Reached skill level 15 in Fighting
  2020 | D        | Reached skill level 18 in Axes
  2617 | D        | Noticed a black mamba
  2622 | D        | Killed a black mamba
  2629 | D        | Killed a storm dragon
  2686 | D        | Noticed Sonja
  2686 | D        | Noticed a lindwurm
  2686 | D        | Noticed a death yak
  2687 | D        | Noticed a sea snake
  2691 | D        | Killed a lindwurm
  2691 | D        | Reached skill level 19 in Axes
  2693 | D        | Killed a sea snake
  2693 | D        | Received a gift from Trog
  2695 | D        | Killed Sonja
  2695 | D        | Reached XP level 11. HP: 114/114 MP: 10/10
  2699 | D        | Killed a death yak
  2819 | D        | Reached skill level 15 in Armour
  2828 | D        | Noticed a lindwurm
  2830 | D        | Reached skill level 20 in Axes
  2834 | D        | Received a gift from Trog
  2842 | D        | Killed a lindwurm
  2892 | D        | Killed a death ooze
  2962 | D        | Killed a storm dragon
  3065 | D        | Received a gift from Trog
  3234 | D        | Noticed Gastronok
  3246 | D        | Killed Gastronok
  3246 | D        | Reached skill level 21 in Axes
  3266 | D        | Killed a red draconian scorcher
  3326 | D        | Noticed a two-headed ogre
  3326 | D        | Noticed Erolcha
  3326 | D        | Noticed a sea snake
  3332 | D        | Killed a sea snake
  3335 | D        | Killed a two-headed ogre
  3339 | D        | Killed Erolcha
  3339 | D        | Received a gift from Trog
  3471 | D        | Noticed a death yak
  3471 | D        | Noticed Grinder
  3471 | D        | Noticed a catoblepas
  3477 | D        | Killed Grinder
  3479 | D        | Reached XP level 12. HP: 126/127 MP: 11/11
  3479 | D        | Noticed a boulder beetle
  3481 | D        | Killed a death yak
  3484 | D        | Received a gift from Trog
  3484 | D        | Reached skill level 22 in Axes
  3492 | D        | Killed a boulder beetle
  3505 | D        | Killed a catoblepas
  3509 | D        | Received a gift from Trog
  3664 | D        | Killed a deep elf master archer
  3776 | D        | Noticed a minotaur
  3776 | D        | Noticed a deep elf master archer
  3788 | D        | Killed a deep elf master archer
  3788 | D        | Killed a minotaur
  3789 | D        | Reached skill level 23 in Axes
  3791 | D        | Received a gift from Trog
  4061 | D        | Killed an ettin
  4128 | D        | Noticed a deep elf master archer
  4134 | D        | Killed a deep elf master archer
  4134 | D        | Received a gift from Trog
  4247 | D        | Noticed an Ice Fiend
  4254 | D        | Killed an Ice Fiend
  4254 | D        | Reached skill level 24 in Axes
  4688 | D        | Noticed a fire giant
  4694 | D        | Killed a fire giant
  4694 | D        | Reached XP level 13. HP: 140/140 MP: 12/12
  4769 | D        | Noticed a shadow dragon
  4769 | D        | Noticed a white draconian
  4769 | D        | Noticed a shadow dragon
  4769 | D        | Noticed an orb of fire
  4774 | D        | Killed a shadow dragon
  4780 | D        | Gained mutation: You are frail. (-10% HP) [an orb of fire]
  4785 | D        | Gained mutation: Your magical capacity is low. (-10% MP)
                  | [an orb of fire]
  4790 | D        | Gained mutation: Your magical capacity is very low. (-20%
                  | MP) [an orb of fire]
  4793 | D        | HP: 6/126 [shadow dragon/bolt of negative energy (20)]
  4794 | D        | Gained mutation: You are clumsy. (Dex -2) [an orb of fire]
  4794 | D        | Lost mutation: You are frail. (-10% HP) [an orb of fire]
  4797 | D        | Killed from afar by an orb of fire

Illustrated notes

Levels and vault maps discovered:
D:        pitsprint [storerooms_1, entrance_room_1, metal_vault_1, armoury_1,
          mini_pit_1, grid_room_1, main_hall_1, silver_pit, the_coven_1,
          the_vestibule_1, steel_vault_4, golden_pit, hallway_of_sentries,
          crystal_vault_5, iron_vault_3, final_vault]

Skill      XL: |  1  2  3  4  5  6  7  8  9 10 11 12 |
---------------+-------------------------------------+-----
Fighting       | 5 7 8 9 11 12 13 14 15 17 20 | 20.7
Axes           | 5 7 9 10 13 15 17 19 21 24 | 24.4
Armour         | 3 5 7 8 9 11 14 16 18 | 18.3
Dodging        | 3 5 6 7 8 9 |  9.6
Stealth        | 1 2 3 4 |  4.0

Action                   |  1- 3 |  4- 6 |  7- 9 | 10-12 | 13-15 || total
-------------------------+-------+-------+-------+-------+-------++-------
Melee: Hand axe          |    23 |    14 |    21 |       |       ||    58
       Headbutt          |     4 |     3 |    12 |    21 |     2 ||    42
       War axe           |       |       |    22 |       |       ||    22
       Broad axe         |       |       |    10 |     8 |       ||    18
       Battleaxe         |       |       |       |    91 |    21 ||   112
Invok: Berserk           |     1 |     1 |     5 |     8 |     1 ||    16
       Brothers in Arms  |       |       |       |     4 |       ||     4
  Use: Scroll            |       |       |       |     1 |     1 ||     2
       Potion            |       |       |       |     1 |       ||     1
Armor: Animal skin       |     2 |       |       |       |       ||     2
       Plate armour      |       |     3 |    28 |    62 |     4 ||    97
Dodge: Dodged            |    11 |     5 |    11 |    79 |     4 ||   110

Table legend: (Time is in decaauts)
 A = Elapsed time spent in this place.
 B = Non-inter-level travel time spent in this place.
 C = Inter-level travel time spent in this place.
 D = Time resting spent in this place.
 E = Time spent auto-exploring this place.
 F = Levels seen in this place.
 G = Mean time per level.
                   A        B        C        D        E       F      G
               +--------+--------+--------+--------+--------+-----+--------+
         Total |   4903 |   4903 |      0 |   3550 |      0 |   1 | 4903.0 |
       Dungeon |   4903 |   4903 |      0 |   3550 |      0 |   1 | 4903.0 |
               +--------+--------+--------+--------+--------+-----+--------+

Top non-repeatable levels by time:
       D: 4903 daAuts
